 Dungeon Crawl Stone Soup version 0.30-b1-2-g02819fbbbe (webtiles) character file.

Game seed: 3392784393551129958

165 Flugkiller the Insei (level 5, 0/32 HPs)
             Began as a Kobold Transmuter on May 18, 2023.
             Slain by Ijyb
             ... wielding a +0 club
              (3 damage)
             ... while paralysed by Ijyb
             ... on level 3 of the Dungeon.
             The game lasted 00:05:57 (2482 turns).

Flugkiller the Insei (Kobold Transmuter)            Turns: 2482, Time: 00:05:58

Health: 0/32       AC:  3    Str:  8    XL:     5   Next: 75%
Magic:  1/9        EV:  3    Int: 14    God:
Gold:   237        SH:  0    Dex: 17    Spells: 3/9 levels left

rFire   + . .        f - +0 short sword
rCold   + . .        (no shield)
rNeg    . . .        a - +1 robe
rPois   +            (helmet currently unavailable)
rElec   +            (no cloak)
rCorr   +            (no gloves)
SInv    .            (boots currently unavailable)
Will    .....        (no amulet)
Stlth   +++          k - ring of wizardry
HPRegen 0.25/turn    (no ring)
MPRegen 0.11/turn

%: wizardry (x1)
@: paralysed, appendages (expiring), resistant, hasted
A: horns 2, talons 2, small, no large weapons, nightstalker 3
a: End Transformation


You were on level 3 of the Dungeon.
You had temporarily grown beastly horns and talons.
You visited 1 branch of the dungeon, and saw 3 of its levels.

You collected 237 gold pieces.

Inventory:

Hand Weapons
 e - a +0 dagger
   (You found it on level 1 of the Dungeon)
 f - a +0 short sword (weapon)
   (You took it off a kobold on level 1 of the Dungeon)
 j - a +0 long sword
   (You found it on level 1 of the Dungeon)
Armour
 a - a +1 robe (worn)
Jewellery
 b - a +6 ring of strength
   (You took it off a hobgoblin on level 3 of the Dungeon)
 k - a ring of wizardry (left hand)
   (You found it on level 2 of the Dungeon)
Scrolls
 c - a scroll of brand weapon
 d - 2 scrolls of magic mapping
 z - a scroll of blinking
Potions
 g - 5 potions of magic
 h - a potion of haste
 i - a potion of ambrosia
 n - a potion of might {unknown}
 q - a potion of curing


   Skills:
 - Level 3.0 Fighting
 - Level 2.0 Short Blades
 - Level 2.4 Dodging
 - Level 3.0 Stealth
 - Level 3.0 Unarmed Combat
 + Level 2.9 Spellcasting
 + Level 1.5 Conjurations
 + Level 1.5 Hexes
 - Level 2.0 Transmutations


You had 3 spell levels left.
You knew the following spells:

 Your Spells              Type           Power      Damage    Failure   Level
a - Beastly Appendage     Tmut           14%        N/A       4%          1
b - Wereblood             Tmut           7%         N/A       6%          2
c - Dazzling Flash        Conj/Hex       12%        N/A       14%         3

Your spell library contained the following spells:

 Spells                   Type           Power      Damage    Failure   Level
 Sandblast                Erth           4%         2d4       9%          1
 Spider Form              Tmut/Pois      4%         N/A       17%         3
 Frozen Ramparts          Ice            4%         1d1       26%         3
 Gell's Gravitas          Tloc           2%         N/A       26%         3
 Teleport Other           Tloc           2%         N/A       26%         3
 Vhi's Electric Charge    Tloc/Air       4%         N/A       26%         3
 Volatile Blastmotes      Fire/Tloc      4%         2d10      26%         3
 Ice Form                 Ice/Tmut       4%         N/A       47%         4
 Iskenderun's Mystic Bla  Conj/Tloc      4%         2d3       50%         4
 Summon Ice Beast         Ice/Summ       2%         N/A       61%         4
 Arcjolt                  Conj/Air       2%         1d12      83%         5
 Dispersal                Tloc           1%         N/A       100%        6
 Plasma Beam              Fire/Air       1%         2x1d12    100%        6
 Starburst                Conj/Fire      2%         6d3       100%        6


Dungeon Overview and Level Annotations

Branches:
Dungeon (3/15) Zot: 15532

Altars:
Yredelemnul

Annotations:
D:3 Ijyb


Innate Abilities, Weirdness & Mutations

You have temporarily grown beastly horns and talons.
You are small and have problems with some larger weapons.
You are completely attuned to the shadows.


Message History

Ijyb the Twisted Goblin comes into view.
She is wielding a +0 club and carrying a wand of paralysis (5).
Ijyb is nearby!
Ijyb moves out of view.
There is a large open door here.
A goblin comes into view. It is wielding a +0 sling.
The goblin shouts!
The goblin unwields a +0 sling.
The goblin barely misses you.
You barely miss the goblin.
Casting: Wereblood (safe; 6% risk of failure)
Confirm with . or Enter, or press ? or * to list all spells.
The spell is quite dangerous to miscast (14% risk of failure)!
Continue anyway?
The goblin hits you.
Casting: Dazzling Flash (quite dangerous; 14% risk of failure)
Press: ? - help, Q - select action, (/) - cycle Dir - look around, f - activate Look: Ijyb, wielding a +0 club, wearing a +0 leather armour and carrying a wand of paralysis (5) (chance to dazzle: 57%)
Okay, then.
Unknown command.
Unknown command.
Casting: Dazzling Flash (quite dangerous; 14% risk of failure)
Confirm with . or Enter, or press ? or * to list all spells.
The spell is quite dangerous to miscast (14% risk of failure)!
Continue anyway? [Y]es or [N]o only, please.
The spell is quite dangerous to miscast (14% risk of failure)!
Continue anyway?
The goblin is dazzled.
The goblin hits you but does no damage. Ijyb hits you with a +0 club.
You catch the helpless goblin completely off-guard!
You puncture the goblin!
You kill the goblin!
Ijyb zaps a wand.
You suddenly lose the ability to move!
Ijyb screams, "I dance on your bones!" Ijyb hits you with a +0 club.
Ijyb hits you with a +0 club. The goblin hits you with a +0 club.
Ijyb hits you with a +0 club. The goblin hits you but does no damage.
Ijyb barely misses you. The goblin hits you with a +0 club.
Ijyb hits you with a +0 club.
You can move again.
You feel better. The goblin closely misses you. Ijyb closely misses you.
You aren't carrying any items that you can evoke.
Unknown command.
As you read the scroll labelled MUARAALULA, it crumbles to dust.
It is a scroll of enchant armour.
Your +0 robe glows green for a moment.
The goblin hits you with a +0 club. Ijyb barely misses you.
Casting: Dazzling Flash (quite dangerous; 14% risk of failure)
Confirm with . or Enter, or press ? or * to list all spells.
The spell is quite dangerous to miscast (14% risk of failure)!
Continue anyway?
The goblin is dazzled.
The goblin hits you but does no damage. Ijyb barely misses you.
You hit the goblin.
The goblin is severely wounded.
You closely miss the goblin.
The goblin is severely wounded.
Ijyb hits you with a +0 club.
Casting: Dazzling Flash (quite dangerous; 14% risk of failure)
Confirm with . or Enter, or press ? or * to list all spells.
You grow a pair of large bovine horns.
Your feet morph into talons.
The goblin shouts!
Ijyb barely misses you.
You closely miss Ijyb.
The goblin is no longer blind.
The goblin closely misses you. Ijyb misses you.
You hit Ijyb but do no damage. You claw Ijyb. Your headbutt misses Ijyb.
Ijyb is lightly wounded.
The goblin misses you. Ijyb hits you with a +0 club.
You hit the goblin but do no damage. You claw the goblin.
You kill the goblin!
Ijyb barely misses you.
You hit Ijyb but do no damage. Your headbutt misses Ijyb.
Ijyb is lightly wounded.
Your transformation is almost over.
Ijyb hits you with a +0 club.
Casting: Beastly Appendage (safe; 4% risk of failure)
Confirm with . or Enter, or press ? or * to list all spells.
You don't know that spell.
Unknown command.
You closely miss Ijyb.
Ijyb is lightly wounded.
Ijyb hits you but does no damage.
You hit Ijyb but do no damage. Your kick misses Ijyb.
Your headbutt misses Ijyb.
Ijyb is lightly wounded.
Ijyb hits you but does no damage.
You aren't carrying any items that you can evoke.
Unknown command.
It was a potion of resistance.
You feel protected. Ijyb hits you with a +0 club.
It was a potion of haste.
You feel yourself speed up.
h - a potion of haste;
f - a +0 short sword (weapon)
Ijyb zaps a wand.
You resist with some effort.
You closely miss Ijyb. You claw Ijyb, but do no damage.
Ijyb is lightly wounded.
You hit Ijyb. Your kick misses Ijyb. Your punch misses Ijyb.
Ijyb is lightly wounded.
Ijyb zaps a wand.
You suddenly lose the ability to move!
Ijyb hits you with a +0 club.
* * * LOW HITPOINT WARNING * * *
Ijyb hits you with a +0 club.
* * * LOW HITPOINT WARNING * * *
Ijyb hits you with a +0 club.
You die...

#...#.....#
.≈≈≈.#
#...#.....#
.h≈≈.##
##'##.....#
..≈≈...
#...#....†#
..≈≈###
#...#.....#
#..≈≈
#...#...).#
.#..≈≈
##'##..).)##'#
..≈≈
#..).).)...†.#
#...g@)...)..#
#...##########
#...#......g
#...'..g....g
#...'g......
############


You could see Ijyb.

Vanquished Creatures
  An orc priest (D:3)
  An orc wizard (D:3)
  4 adders
  2 adder zombies (D:3)
  2 orcs (D:3)
  5 endoplasms
  3 giant cockroaches (D:1)
  17 goblins
  5 hobgoblins
  3 jackals (D:3)
  4 kobolds
  A quokka (D:3)
  5 ball pythons
  4 bats
  3 frilled lizards
  A giant cockroach zombie (D:3)
  4 rats (D:3)
65 creatures vanquished.

Notes
Turn   | Place    | Note
-------+----------+-------------------------------------------
     0 | D:1      | Flugkiller the Kobold Transmuter began the quest for the
                  | Orb.
     0 | D:1      | Reached XP level 1. HP: 12/12 MP: 3/3
   376 | D:1      | Reached XP level 2. HP: 17/17 MP: 5/5
   727 | D:1      | Reached XP level 3. HP: 23/23 MP: 4/6
   850 | D:1      | Found a faded altar of an unknown god.
   858 | D:1      | Got Plato's Thoughts on the Syncline
  1107 | D:2      | Reached skill level 1 in Stealth
  1157 | D:2      | Reached skill level 1 in Short Blades
  1163 | D:1      | Learned a level 2 spell: Wereblood
  1284 | D:2      | Reached XP level 4. HP: 28/28 MP: 3/7
  1604 | D:2      | Learned a level 3 spell: Dazzling Flash
  1832 | D:3      | Found a basalt altar of Yredelemnul.
  1898 | D:3      | Reached XP level 5. HP: 24/32 MP: 8/8
  2010 | D:3      | Reached skill level 1 in Conjurations
  2010 | D:3      | Reached skill level 1 in Hexes
  2446 | D:3      | Noticed Ijyb
  2458 | D:3      | Paralysed by Ijyb for 5 turns
  2479 | D:3      | Paralysed by Ijyb for 4 turns
  2482 | D:3      | Slain by Ijyb

Illustrated notes

Levels and vault maps discovered:
D:1:      dpeg_arrival_renting, layout_loops_ring,
          shapermc_ecumenical_altar_rom_forum, minmay_octomino_c4
D:2:      layout_rooms
D:3:      kennysheep_goblin_castle, layout_loops_ring,
          mainiacjoe_overflow_alcove_4, nicolae_yredelemnul_corpse_copse

Skill      XL: |  1  2  3  4  5 |
---------------+----------------+-----
Fighting       | 2 3 |  3.0
Stealth        | 2 3 |  3.0
Short Blades   | 1 2 |  2.0
Conjurations   | 1 |  1.5
Hexes          | 1 |  1.5
Dodging        | |  2.4
Unarmed Combat | |  3.0
Spellcasting   | |  2.9
Transmutations | |  2.0

Action                     |  1- 3 |  4- 6 || total
---------------------------+-------+-------++-------
  Melee: Unarmed           |    33 |     6 ||    39
         Headbutt          |    13 |     8 ||    21
         Short sword       |    42 |   108 ||   150
         Kick              |    19 |    12 ||    31
         Punch             |     1 |     3 ||     4
   Cast: Beastly Appendage |    24 |    13 ||    37
         Dazzling Flash    |       |     3 ||     3
         Wereblood         |       |     2 ||     2
    Use: Scroll            |     3 |     3 ||     6
         Potion            |       |     6 ||     6
   Stab: Sleeping          |     8 |    10 ||    18
         Invisible         |       |     1 ||     1
 Armour: Robe              |    11 |    14 ||    25
         Skin              |       |     3 ||     3
  Dodge: Dodged            |    62 |    69 ||   131
